 Dungeon Crawl Stone Soup version 0.24-a0-244-ga6a6ab7 (webtiles) character file.

Game seed: 5069789145750301754

210637 Partyfoot the Markscentaur (level 18, -6/166 HPs)
             Began as a Centaur Hunter on Apr 7, 2019.
             Was the Champion of Okawaru.
             Mangled by the 27-headed Lernaean hydra (8 damage)
             ... on level 4 of the Swamp on Apr 10, 2019.
             The game lasted 03:02:58 (39897 turns).

Partyfoot the Markscentaur (Centaur Hunter)        Turns: 39897, Time: 03:02:58

Health: -6/166     AC: 24    Str: 22    XL:     18   Next: 19%
Magic:  20/25      EV: 11    Int: 13    God:    Okawaru [******]
Gold:   1837       SH:  0    Dex: 13    Spells: 15/17 levels left

rFire    . . .     SeeInvis .   a - +9 longbow (flame)
rCold    . . .     Gourm    .   (shield currently unavailable)
rNeg     . . .     Faith    .   G - +1 scale mail "Zeafosao" {Str+5 Int+3}
rPois    +         Spirit   .   K - +0 helmet
rElec    .         Reflect  .   (no cloak)
rCorr    .         Harm     .   O - +1 pair of gloves
MR       +....                  P - +3 centaur barding of the Peasants {Regen+ Str+2 Dex-5}
Stlth    ..........             T - amulet of regeneration
HPRegen  1.17/turn              S - +5 ring of protection
MPRegen  0.19/turn              F - ring of poison resistance

@: about to teleport, finesse, lightly drained, very quick
A: large, hooves 3, deformed body, speed 2, tough skin 3
}: 1/15 runes: gossamer
a: Heroism, Finesse, Renounce Religion


You were on level 4 of the Swamp.
You worshipped Okawaru.
Okawaru was exalted by your worship.
You were hungry.

You visited 6 branches of the dungeon, and saw 32 of its levels.
You also visited: Bailey.

You collected 2662 gold pieces.
You spent 825 gold pieces at shops.

Inventory:

Hand Weapons
 a - a +9 longbow of flaming (weapon)
 b - a +6 great sword of slicing
 h - a +5 longbow
 n - the +2 long sword "Hyiniuw" {protect, rElec rC+ MR+ MP+9}
   (Okawaru gifted it to you on level 1 of the Spider Nest)

   It protects the one who uses it against injury (+AC on strike).
   It protects you from cold.
   It insulates you from electricity.
   It affects your resistance to hostile enchantments.
   It affects your magic capacity (+9).
 X - a +4 scimitar of freezing
Missiles
 d - 464 arrows (quivered)
Armour
 G - the +1 scale mail "Zeafosao" (worn) {Str+5 Int+3}
   (You found it on level 7 of the Dungeon)

   It affects your strength (+5).
   It affects your intelligence (+3).
 K - a +0 helmet (worn)
 O - a +1 pair of gloves (worn)
 P - the +3 centaur barding of the Peasants (worn) {Regen+ Str+2 Dex-5}
   (Okawaru gifted it to you on level 14 of the Dungeon)

   It affects your strength (+2).
   It affects your dexterity (-5).
   It increases your rate of regeneration.
Jewellery
 g - an uncursed ring of protection from magic
 l - an uncursed ring of resist corrosion
 w - an uncursed ring of fire
 x - an uncursed ring of protection from cold
 F - a ring of poison resistance (right hand)
 R - an uncursed ring of protection from magic
 S - a +5 ring of protection (left hand)
 T - an amulet of regeneration (around neck)
 W - an uncursed ring of positive energy
Wands
 c - a wand of flame (50)
 r - a wand of random effects (20)
 y - a wand of iceblast (22)
 D - a wand of polymorph (7)
 I - a wand of paralysis (16)
 N - a wand of acid (13)
 Y - a wand of clouds (5)
Scrolls
 k - 11 scrolls of identify
 s - 16 scrolls of remove curse
 t - 3 scrolls of fog
 u - 11 scrolls of teleportation
 z - 3 scrolls of holy word
 C - 2 scrolls of amnesia
 E - 3 scrolls of blinking
 J - 2 scrolls of enchant armour
 Q - 2 scrolls of magic mapping
 U - a scroll of summoning
Potions
 e - 3 potions of ambrosia
 i - 2 potions of magic
 j - 4 potions of curing
 m - 3 potions of heal wounds
 o - 3 potions of mutation
 p - 6 potions of might
 q - 5 potions of agility
 v - a potion of flight
 A - a potion of brilliance
 H - 3 potions of berserk rage
 L - 2 potions of resistance
 M - 3 potions of invisibility
 V - 2 potions of haste
 Z - 4 potions of cancellation
Comestibles
 f - 48 rations


   Skills:
 + Level 15.7(15.3) Fighting
 + Level 13.5(13.2) Long Blades
 - Level 20.0(19.6) Bows
 + Level 5.6(5.3) Armour
 - Level 11.4(11.1) Dodging
 - Level 0.4(0.2) Stealth
 + Level 9.7(9.4) Invocations
 + Level 3.0(2.7) Evocations


You had 15 spell levels left.
You knew the following spells:

 Your Spells              Type           Power        Failure   Level  Hunger
a - Blink                 Tloc           N/A          75%         2    ###....

Your spell library contained the following spells:

 Spells                   Type           Power        Failure   Level  Hunger
 Beastly Appendage        Tmut           #.....       58%         1    ##.....
 Summon Butterflies       Summ           #.......     58%         1    ##.....
 Corpse Rot               Necr           N/A          75%         2    ###....
 Shroud of Golubria       Chrm/Tloc      #.........   75%         2    ###....
 Sticks to Snakes         Tmut           #.......     75%         2    ###....
 Sublimation of Blood     Necr           #.........   75%         2    ###....
 Call Canine Familiar     Summ           #.......     92%         3    ####...
 Gell's Gravitas          Tloc           #.........   92%         3    ####...
 Ignite Poison            Fire/Tmut/Pois #.......     92%         3    ####...
 Lesser Beckoning         Tloc           #.........   92%         3    ####...
 Spider Form              Tmut/Pois      #.........   92%         3    ####...
 Teleport Other           Tloc           #.......     92%         3    ####...
 Ice Form                 Ice/Tmut       #.......     100%        4    #####..
 Passage of Golubria      Tloc           N/A          100%        4    #####..
 Summon Ice Beast         Ice/Summ       #.......     100%        4    #####..
 Agony                    Necr           #.......     100%        5    ######.
 Blade Hands              Tmut           #.........   100%        5    ######.
 Bolt of Draining         Conj/Necr      #.........   100%        5    ######.
 Bolt of Magma            Conj/Fire/Erth #.........   100%        5    ######.
 Dispel Undead            Necr           #.......     100%        5    ######.
 Excruciating Wounds      Chrm/Necr      #.........   100%        5    ######.
 Fireball                 Conj/Fire      #.........   100%        5    ######.
 Iskenderun's Battlesphe  Conj/Chrm      #.......     100%        5    ######.
 Summon Mana Viper        Hex/Summ       #.......     100%        5    ######.
 Venom Bolt               Conj/Pois      #.........   100%        5    ######.
 Bolt of Fire             Conj/Fire      #.........   100%        6    #######
 Iron Shot                Conj/Erth      #.........   100%        6    #######
 Orb of Destruction       Conj           #.........   100%        7    #######
 Ring of Flames           Chrm/Fire      #.........   100%        7    #######
 Spellforged Servitor     Conj/Summ      #.........   100%        7    #######
 Summon Hydra             Summ           #.........   100%        7    #######
 Ignition                 Fire           #.........   100%        8    #######


Dungeon Overview and Level Annotations

Branches:
Dungeon (15/15) Temple (1/1) D:4 Lair (6/6) D:11 Swamp (4/4) Lair:2 Spider (4/4) Lair:3 Slime (0/5) Lair:6 Orc (2/2) D:12 Elf (0/3) Orc:2 Vaults (0/5) D:13 D:14 Depths (0/5) D:15

Altars:
Ashenzari
Cheibriados
Dithmenos
Elyvilon
Fedhas
Gozag
Hepliaklqana
Kikubaaqudgha
Makhleb
Nemelex Xobeh
Okawaru
Qazlal
Ru
Sif Muna
Trog
Uskayaw
Vehumet
Wu Jian
Xom
Yredelemnul
Zin
The Shining One
Jiyva

Shops:
Orc:2 =(*[

Annotations:
D:2 1 runed translucent door, Crazy Yiuf
D:6 2 transporters, ShrewdGherkins's ghost, novice NaVM
Lair:2 exclusion: 2 oklob plants
Swamp:4 Lernaean hydra
Spider:4 Asterion
Orc:2 2 transporters, mad's ghost, journeyman DsNe


Innate Abilities, Weirdness & Mutations

You have hooves in place of feet.
Armour fits poorly on your strangely shaped body.
You cover ground very quickly.
You have extremely tough skin. (AC +3)


Message History

The 27-headed Lernaean hydra bites you but does no damage.
The 27-headed Lernaean hydra bites you.
The 27-headed Lernaean hydra bites you but does no damage. x4
The 27-headed Lernaean hydra bites you!
* * * LOW HITPOINT WARNING * * *
The 27-headed Lernaean hydra bites you!
* * * LOW HITPOINT WARNING * * *
The 27-headed Lernaean hydra bites you!
* * * LOW HITPOINT WARNING * * *
The 27-headed Lernaean hydra bites you but does no damage. x6
The 27-headed Lernaean hydra bites you.
* * * LOW HITPOINT WARNING * * *
The 27-headed Lernaean hydra bites you but does no damage. x2
The 27-headed Lernaean hydra bites you.
* * * LOW HITPOINT WARNING * * *
The 27-headed Lernaean hydra closely misses you.
The 27-headed Lernaean hydra bites you.
* * * LOW HITPOINT WARNING * * *
The 27-headed Lernaean hydra bites you!
You die...

.♣♣ ♣.≈≈≈≈≈≈≈≈ ....≈.≈..°○.≈♣♣§☼
..♣ ♣.≈≈≈≈≈≈....≈♣♣..≈°○t°.≈.○.Z
≈.♣♣♣♣.≈≈≈≈≈≈≈≈♣♣♣♣§.≈..§Z≈≈.≈≈≈≈
♣..≈≈≈.≈≈≈≈≈≈.≈♣ ♣♣.°.○Z○°(.≈≈≈≈
♣≈≈≈≈≈.≈≈≈≈≈≈.♣ ♣♣≈Z☼k☼≈○≈≈≈≈≈
≈.≈≈.≈≈≈≈≈≈≈≈♣. ♣≈°≈≈≈○≈≈≈≈≈≈
.≈≈≈≈.≈≈..≈≈.♣ ♣♣°.....≈≈≈≈§
♣.≈≈≈.....≈.≈♣♣♣♣♣♣♣♣.†..≈.§≈≈§.≈
≈≈≈≈≈.≈≈..♣...≈≈@DD.≈k≈≈≈≈≈≈≈≈≈.
≈≈≈≈≈.♣♣♣♣≈≈≈.≈≈≈.Z≈≈≈≈≈≈≈.≈≈≈.♣
.≈≈≈≈.♣ ♣≈≈.≈.≈.......≈≈≈≈≈≈≈.♣
.≈≈≈≈≈♣♣ ♣♣≈≈≈.≈...♣♣♣♣.≈≈≈≈≈.≈♣
≈≈.≈..≈♣ ♣♣≈♣≈≈≈.♣♣ ♣♣...≈≈♣♣♣
≈≈≈♣♣..♣ ♣♣..♣≈≈≈§♣ ♣♣♣♣..
≈≈≈♣♣≈≈♣♣♣..♣.≈≈≈≈♣
....≈≈♣♣≈≈.≈≈≈≈≈..♣♣♣♣
..♣≈≈..§♣..≈.≈≈≈.....♣


You could see the 27-headed Lernaean hydra, a seven-headed hydra, a spectral
spriggan rider and a swamp drake.

Vanquished Creatures
  Mara (Swamp:4)
  Arachne (Spider:4)
  Jorgrun (D:12)
  A thorn hunter (Swamp:1)
  Donald (Spider:2)
  Louise (Swamp:1)
  An orc warlord (Orc:2)
  Aizul (Spider:4)
  3 ghost moths (Spider:4)
  7 emperor scorpions
  4 entropy weavers
  5 dire elephants
  A spark wasp (Spider:3)
  18 hydras
  4 alligators
  2 shambling mangroves
  A ghost crab (Swamp:3)
  3 two-headed ogres
  An anaconda (Lair:6)
  4 centaur warriors
  A tengu warrior (D:10)
  A death yak (D:11)
  4 orc high priests
  4 unseen horrors
  3 spriggan druids (Swamp:4)
  A wizard (D:14)
  5 swamp dragons (Swamp:4)
  9 orc knights
  11 orb spiders
  A lindwurm (Lair:6)
  A deep elf mage (D:15)
  13 ugly things
  An orc sorcerer (Orc:2)
  22 wolf spiders
  A salamander (D:15)
  2 cyclopes
  3 moths of wrath
  5 manticores
  2 black mambas
  10 elephants
  Psyche (D:12)
  17 spiny frogs
  3 kobold demonologists (D:15)
  3 komodo dragons
  A yaktaur (D:13)
  A freezing wraith (D:14)
  2 rime drakes
  12 demonic crawlers
  7 trolls
  3 meliai (Lair:6)
  27 jumping spiders
  A queen bee (Lair:6)
  13 hornets
  6 tyrant leeches
  11 slime creatures
  6 dream sheep (Lair:5)
  5 blink frogs (Lair:4)
  2 bog bodies
  9 hippogriffs
  27 tarantellas
  66 redbacks
  A spriggan (shapeshifter) (D:15)
  Sigmund (D:4)
  7 spriggans
  2 wraiths
  6 shadows
  44 yaks
  A basilisk (D:15)
  3 wyverns
  16 humans (D:13)
  26 vampire mosquitoes
  3 hungry ghosts
  14 swamp worms
  2 wargs
  4 insubstantial wisps (Swamp:3)
  A soldier ant (D:13)
  An acid dragon (D:12)
  12 water moccasins
  A meliai simulacrum (D:15)
  5 sky beasts
  7 swamp drakes
  9 porcupines
  39 orc warriors
  A black bear (D:10)
  2 eyes of draining
  10 ice beasts
  9 ogres
  4 necrophages (Swamp:2)
  12 wolves
  5 phantoms
  16 centaurs
  16 crocodiles
  10 big kobolds
  24 bullfrogs
  4 scorpions
  3 troll zombies (D:12)
  25 killer bees
  12 wights
  2 electric eels (Spider:2)
  9 crimson imps
  3 bullfrog zombies
  2 quasits
  3 centaur zombies
  10 jellies
  2 bullfrog skeletons
  5 hounds
  13 orc priests
  22 orc wizards
  3 centaur skeletons
  6 iguanas
  11 worker ants
  A killer bee zombie (D:7)
  3 ogre zombies (D:12)
  A hound zombie (D:10)
  3 hound skeletons
  A howler monkey zombie (D:7)
  A worker ant zombie (D:9)
  Robin (D:4)
  16 adders
  4 shadow imps
  3 adder skeletons
  2 adder zombies
  3 worms
  4 dart slugs
  9 leopard geckos
  96 orcs
  A ball python (D:2)
  6 bats
  4 giant cockroaches
  11 goblins
  14 hobgoblins
  7 jackals
  9 quokkas
  16 frilled lizards
  A goblin skeleton (D:12)
  3 goblin zombies (D:12)
  A hobgoblin skeleton (D:12)
  31 kobolds
  A leopard gecko skeleton (D:4)
  An orc skeleton (D:12)
  12 orc zombies (D:12)
  A quokka zombie (D:8)
  6 rats
  A fungus (Orc:2)
  2 plants (Lair:6)
1109 creatures vanquished.

Vanquished Creatures (others)
  A swamp drake (Swamp:4)
  A bush (Lair:6)
  26 fungi
  9 plants
  A withered plant (Swamp:4)
38 creatures vanquished.

Grand Total: 1147 creatures vanquished

Notes
Turn   | Place    | Note
-------+----------+-------------------------------------------
     0 | D:1      | Partyfoot the Centaur Hunter began the quest for the Orb.
     0 | D:1      | Reached XP level 1. HP: 17/17 MP: 1/1
   110 | D:1      | Reached XP level 2. HP: 15/24 MP: 2/2
   968 | D:1      | Reached XP level 3. HP: 20/30 MP: 3/3
  1325 | D:2      | Reached skill level 6 in Bows
  1625 | D:2      | Found a shadowy altar of Dithmenos.
  1659 | D:2      | Reached XP level 4. HP: 29/37 MP: 4/4
  1917 | D:2      | Found a runed translucent door.
  1918 | D:2      | Noticed Crazy Yiuf
  2362 | D:3      | Reached XP level 5. HP: 19/45 MP: 5/5
  3155 | D:4      | Noticed Sigmund
  3182 | D:4      | Killed Sigmund
  3182 | D:4      | Reached skill level 7 in Bows
  3182 | D:4      | Reached XP level 6. HP: 19/52 MP: 6/6
  3410 | D:4      | Noticed Robin
  3430 | D:4      | Killed Robin
  3431 | D:4      | Found a staircase to the Ecumenical Temple.
  3975 | Temple   | Entered the Ecumenical Temple
  4162 | D:4      | Reached XP level 7. HP: 39/60 MP: 7/7
  4541 | D:4      | Reached skill level 8 in Bows
  4772 | D:5      | Entered Level 5 of the Dungeon
  4781 | D:5      | Reached skill level 5 in Fighting
  5226 | D:5      | Reached XP level 8. HP: 54/69 MP: 8/8
  5528 | D:5      | Reached skill level 9 in Bows
  6106 | D:6      | Found a transporter.
  6147 | D:6      | Noticed ShrewdGherkins's ghost (novice NaVM)
  6157 | D:6      | Found a transporter.
  6513 | D:6      | Reached skill level 10 in Bows
  6513 | D:6      | Reached skill level 5 in Dodging
  6896 | D:6      | Found an iron altar of Okawaru.
  6902 | D:6      | Became a worshipper of Warmaster Okawaru
  7363 | D:7      | Reached XP level 9. HP: 66/78 MP: 9/9
  7365 | D:7      | Reached skill level 1 in Long Blades
  7458 | D:7      | Got a pitted scale mail
  7459 | D:7      | Identified the +1 scale mail "Zeafosao" {Str+5 Int+3} (You
                  | found it on level 7 of the Dungeon)
  8469 | D:8      | Reached * piety under Okawaru
  8775 | D:8      | Found a burning altar of Makhleb.
  8805 | D:8      | Reached skill level 11 in Bows
  9146 | D:8      | Reached ** piety under Okawaru
 10127 | D:9      | Reached XP level 10. HP: 71/88 MP: 10/10
 10163 | D:9      | Reached *** piety under Okawaru
 10886 | D:9      | Noticed a manticore
 10902 | D:9      | Killed a manticore
 11229 | D:9      | Found an iron altar of Okawaru.
 11323 | D:9      | Reached skill level 12 in Bows
 11566 | D:10     | Entered Level 10 of the Dungeon
 12031 | D:10     | Noticed a two-headed ogre
 12066 | D:10     | Killed a two-headed ogre
 12066 | D:10     | Received a gift from Okawaru
 12066 | D:10     | Reached **** piety under Okawaru
 12066 | D:10     | Reached skill level 5 in Long Blades
 12276 | D:10     | Noticed a tengu warrior
 12287 | D:10     | Received a gift from Okawaru
 12427 | D:10     | HP: 4/91 [tengu warrior/+2 war axe (11)]
 12879 | D:10     | HP: 2/91 [tengu warrior/+2 war axe (16)]
 12912 | D:10     | Killed a tengu warrior
 13237 | D:10     | Reached XP level 11. HP: 78/97 MP: 8/11
 13918 | D:10     | Got a faintly glowing platinum ring
 13925 | D:10     | Learned a level 2 spell: Blink
 13930 | D:10     | Noticed a centaur warrior
 13946 | D:10     | Killed a centaur warrior
 13946 | D:10     | Reached skill level 1 in Invocations
 14043 | D:10     | Found the +7 great mace "Firestarter" {inner flame, rF++}
 14137 | D:10     | Reached skill level 13 in Bows
 14213 | D:10     | Received a gift from Okawaru
 14614 | D:11     | Noticed a two-headed ogre
 14633 | D:11     | Killed a two-headed ogre
 14633 | D:11     | Received a gift from Okawaru
 14673 | D:11     | Noticed a death yak
 14704 | D:11     | Killed a death yak
 14704 | D:11     | Reached ***** piety under Okawaru
 14704 | D:11     | Received a gift from Okawaru
 14745 | D:11     | Found a staircase to the Lair.
 14910 | D:11     | Reached skill level 10 in Fighting
 14914 | D:11     | Killed an unseen horror
 14920 | D:11     | Received a gift from Okawaru
 15053 | D:11     | Found a stormy altar of Qazlal.
 15099 | D:11     | Noticed a centaur warrior
 15111 | D:11     | Killed a centaur warrior
 15677 | Lair:1   | Entered Level 1 of the Lair of Beasts
 15683 | Lair:1   | Received a gift from Okawaru
 15803 | Lair:1   | Identified the ring of Keshriune {+Blink rPois Str+3 Slay-2
                  | Stlth+} (You found it on level 10 of the Dungeon)
 15964 | Lair:1   | Reached XP level 12. HP: 107/107 MP: 15/15
 16022 | Lair:1   | Received a gift from Okawaru
 16512 | Lair:2   | Reached skill level 5 in Invocations
 16528 | Lair:2   | Reached skill level 14 in Bows
 16570 | Lair:2   | Found a staircase to the Swamp.
 16882 | Lair:2   | Received a gift from Okawaru
 17258 | Lair:3   | Received a gift from Okawaru
 17402 | Lair:3   | Found a hole to the Spider Nest.
 17733 | Lair:3   | Received a gift from Okawaru
 18003 | Lair:4   | Noticed a four-headed hydra
 18034 | Lair:4   | Killed a four-headed hydra
 18491 | Lair:4   | Reached ****** piety under Okawaru
 19102 | Lair:5   | Received a gift from Okawaru
 19871 | Lair:6   | Entered Level 6 of the Lair of Beasts
 19875 | Lair:6   | Received a gift from Okawaru
 19875 | Lair:6   | Reached XP level 13. HP: 116/116 MP: 17/17
 20012 | Lair:6   | Reached skill level 15 in Bows
 20536 | Lair:6   | Received a gift from Okawaru
 20886 | Lair:6   | Found a viscous altar of Jiyva.
 20887 | Lair:6   | Found a staircase to the Slime Pits.
 21006 | Lair:6   | Received a gift from Okawaru
 21347 | Lair:6   | Noticed a dire elephant
 21347 | Lair:6   | Noticed a dire elephant
 21386 | Lair:6   | Noticed a dire elephant
 21387 | Lair:6   | Noticed a dire elephant
 21539 | Lair:6   | Killed a dire elephant
 21600 | Lair:6   | Killed a dire elephant
 21600 | Lair:6   | Received a gift from Okawaru
 21814 | Lair:6   | Noticed a dire elephant
 21859 | Lair:6   | Killed a dire elephant
 21903 | Lair:6   | Noticed a dire elephant
 21926 | Lair:6   | Killed a dire elephant
 22007 | Lair:6   | Received a gift from Okawaru
 22454 | D:12     | Got a slimy shortbow
 22455 | D:12     | Identified the cursed +1 shortbow of Koebogeu {freeze,
                  | Str+3} (You found it on level 12 of the Dungeon)
 22504 | D:12     | Noticed Psyche
 22508 | D:12     | Reached skill level 16 in Bows
 22518 | D:12     | Killed Psyche
 22698 | D:12     | Noticed Jorgrun
 22708 | D:12     | Killed Jorgrun
 22708 | D:12     | Received a gift from Okawaru
 22708 | D:12     | Received a gift from Okawaru
 22708 | D:12     | Reached XP level 14. HP: 66/127 MP: 18/18
 22915 | D:12     | Found a staircase to the Orcish Mines.
 23071 | D:12     | Reached skill level 10 in Long Blades
 23477 | D:13     | Found a flagged portal.
 23503 | Bailey   | Entered a bailey
 23511 | Bailey   | Received a gift from Okawaru
 23659 | Bailey   | Reached skill level 10 in Dodging
 24371 | D:13     | Received a gift from Okawaru
 24894 | D:14     | Found a gate to the Vaults.
 24898 | D:13     | Received a gift from Okawaru
 25336 | D:13     | Received a gift from Okawaru
 25513 | D:14     | Reached skill level 17 in Bows
 25513 | D:14     | Reached XP level 15. HP: 69/136 MP: 19/19
 26158 | D:14     | Received a gift from Okawaru
 26165 | D:14     | Got an ancient centaur barding {god gift}
 26166 | D:14     | Identified the +3 centaur barding of the Peasants {Regen+
                  | Str+2 Dex-5} (Okawaru gifted it to you on level 14 of the
                  | Dungeon)
 26591 | D:15     | Entered Level 15 of the Dungeon
 27322 | D:15     | Found a staircase to the Depths.
 27494 | Orc:1    | Entered Level 1 of the Orcish Mines
 27692 | Orc:2    | Entered Level 2 of the Orcish Mines
 27692 | Orc:2    | Found Ziyngif's Antique Armour Emporium.
 27759 | Orc:2    | Reached XP level 16. HP: 121/145 MP: 20/20
 27842 | Orc:2    | Noticed mad's ghost (journeyman DsNe)
 27850 | Orc:2    | Found a transporter.
 27936 | Orc:2    | Found a transporter.
 28188 | Orc:2    | Found a staircase to the Elven Halls.
 28212 | Orc:2    | Reached skill level 18 in Bows
 28224 | Orc:2    | Found Qyut's Jewellery Boutique.
 28369 | Orc:2    | Found Gello's General Store.
 28450 | Orc:2    | Found Curo's Antique Weapon Shop.
 28529 | Orc:2    | Bought a +5 ring of protection for 605 gold pieces
 28709 | Spider:1 | Entered Level 1 of the Spider Nest
 29246 | Orc:2    | Bought an uncursed ring of poison resistance for 220 gold
                  | pieces
 29561 | Spider:1 | Received a gift from Okawaru
 29733 | Spider:1 | Identified the +2 long sword "Hyiniuw" {protect, rElec rC+
                  | MR+ MP+9} (Okawaru gifted it to you on level 1 of the
                  | Spider Nest)
 29738 | Spider:1 | You fall through a shaft!
 30813 | Spider:2 | HP: 5/147 [wolf spider (13)]
 30975 | Spider:2 | Received a gift from Okawaru
 30975 | Spider:2 | Reached skill level 1 in Armour
 31278 | Spider:3 | Noticed Donald
 31293 | Spider:2 | Killed Donald
 32230 | Spider:3 | Received a gift from Okawaru
 32389 | Spider:3 | Received a gift from Okawaru
 32841 | Spider:4 | Entered Level 4 of the Spider Nest
 32919 | Spider:3 | Upgraded the game from 0.24-a0-235-g3f03afc to
                  | 0.24-a0-244-ga6a6ab7
 33066 | Spider:4 | Received a gift from Okawaru
 33166 | Spider:4 | Noticed Aizul
 33197 | Spider:4 | Killed Aizul
 33675 | Spider:4 | Reached XP level 17. HP: 111/154 MP: 23/23
 33715 | Spider:4 | Received a gift from Okawaru
 34148 | Spider:4 | Reached skill level 19 in Bows
 34313 | Spider:4 | Noticed Arachne
 34345 | Spider:4 | Killed Arachne
 34394 | Spider:4 | Noticed Asterion
 34563 | Spider:4 | Reached skill level 15 in Fighting
 34758 | Spider:4 | Received a gift from Okawaru
 35494 | Spider:4 | Got a gossamer rune of Zot
 35736 | Swamp:1  | Entered Level 1 of the Swamp
 35887 | Swamp:1  | Noticed Louise
 35931 | Swamp:1  | Killed Louise
 38799 | Swamp:4  | Entered Level 4 of the Swamp
 38870 | Swamp:4  | Reached skill level 5 in Armour
 38870 | Swamp:4  | Reached skill level 1 in Evocations
 39099 | Swamp:4  | Received a gift from Okawaru
 39419 | Swamp:4  | Received a gift from Okawaru
 39426 | Swamp:4  | Reached XP level 18. HP: 163/163 MP: 25/25
 39429 | Swamp:4  | Noticed Mara
 39456 | Swamp:4  | Noticed Partyfoot's illusion
 39627 | Swamp:4  | Noticed Partyfoot's illusion
 39673 | Swamp:4  | Killed Mara
 39855 | Swamp:4  | Reached skill level 20 in Bows
 39877 | Swamp:4  | Noticed the 27-headed Lernaean hydra
 39897 | Swamp:4  | HP: 5/166 [the 27-headed Lernaean hydra (6)]
 39897 | Swamp:4  | HP: 2/166 [the 27-headed Lernaean hydra (3)]
 39897 | Swamp:4  | Mangled by the 27-headed Lernaean hydra

Levels and vault maps discovered:
D:1:      lemuel_arrival_room, layout_basic, nrook_mini_backslash, nrook_uturn,
          glass_columns_b, minmay_misc_feat_chi, minmay_misc_feat_secret_circle
D:2:      layout_rooms, first_ration, nicolae_dithmenos_shadow_blocks,
          uniq_crazy_yiuf_cottage
D:3:      layout_rooms
D:4:      layout_cave_pods, minmay_temple_entry_crystal_x, serial_park_tiny_2,
          uniq_robin, uniq_sigmund
D:5:      layout_loops_cross
D:6:      layout_rooms, lemuel_round_altar, gammafunk_ghost_stat_death
D:7:      layout_basic
D:8:      layout_cave_pools, basic_altar, the_bakery
D:9:      layout_irregular_city, minmay_ruined_shrine
D:10:     layout_rooms, minmay_the_grid_2x2 [minmay_the_grid_tiny_cups,
          minmay_the_grid_all_tris, minmay_the_grid_diamond_grid,
          minmay_the_grid_prize_trominoes]
D:11:     layout_roguey, david_lair_generic, nicolae_qazlal_eye_of_the_storm
D:12:     layout_irregular_city, zombieorc1_lemuel, minmay_misc_feat_tiny,
          minmay_diced_spiral, uniq_jorgrun, uniq_psyche
D:13:     layout_gridville, enter_bailey_6, nicolae_wand_duel
D:14:     layout_basic, david_vaults_3, portal_ice_cave_entry_pillars_1,
          drop_trap
D:15:     hangedman_depths_entry_try_elsewhere_first, layout_irregular_city,
          hangedman_decor_lopped
Temple:   dpeg_three_leaves_temple
Lair:1:   layout_gridlike, chequers_serial_rivers_room_a, lemuel_fruit_fields
Lair:2:   layout_chaotic_city, swamp_mist, minmay_lair_oklob_chamber,
          infiniplex_staircase_pool_2, grunt_megastairs_2, serial_bayou_shore_b
Lair:3:   layout_regular_city, dummy_spider_entry, serial_bayou_pond_c
Lair:4:   layout_cave_pods
Lair:5:   layout_concentric_octagons
Lair:6:   due_jungle_book, layout_gridlike, dpeg_slime_entry_enclosed_altar,
          special_room [special_room_bee]
Swamp:1:  layout_basic_swamp, evilmike_swamp_ruin_rubble_1, uniq_louise
Swamp:2:  layout_basic_swamp, evilmike_swamp_ruin_house_6, roderic_carrion_pond
Swamp:3:  layout_falls_marsh, nicolae_swamp_round_clearing
Swamp:4:  swamp_old_school, layout_basic_swamp, gammafunk_ghost_grave,
          swamp_pool5, uniq_mara
Spider:1: layout_spider_delve
Spider:2: layout_spider_delve, nicolae_spider_cling_ruins
Spider:3: layout_spider_delve, uniq_donald
Spider:4: johnstein_spider_rune_arachne_lair, uniq_aizul, uniq_arachne,
          uniq_asterion
Orc:1:    layout_caves
Orc:2:    grunt_orc_gardens, layout_diamond_mine, grunt_orc_garden,
          grunt_orc_garden, grunt_orc_garden, grunt_orc_garden,
          gammafunk_ghost_berserking_beasts
Bailey:   bailey_polearm_5, bailey

Skill      XL: |  1  2  3  4  5  6  7  8  9 10 11 12 13 14 15 16 17 18 |
---------------+-------------------------------------------------------+-----
Dodging        | 2 3 4 5 6 7 8 9 10 11 | 11.4
Bows           | 6 7 8 10 11 12 13 14 16 17 18 19 20 | 20.0
Fighting       | 3 4 5 6 8 9 10 11 12 13 14 15 | 15.7
Long Blades    | 3 5 7 8 9 10 11 12 13 | 13.5
Invocations    | 4 6 8 9 |  9.7
Armour         | 2 5 |  5.6
Evocations     | 2 3 |  3.0
Stealth        | |  0.4

Action                   |  1- 3 |  4- 6 |  7- 9 | 10-12 | 13-15 | 16-18 || total
-------------------------+-------+-------+-------+-------+-------+-------++-------
Melee: Short sword       |    83 |       |       |       |       |       ||    83
       Kick              |    21 |    31 |    64 |    31 |    48 |    25 ||   220
       Dagger            |    47 |   153 |   203 |   101 |       |       ||   504
       Long sword        |       |       |    43 |       |       |       ||    43
       Punch             |       |       |       |     3 |       |       ||     3
       Great sword       |       |       |       |       |    97 |    61 ||   158
       Longbow           |       |       |       |       |     1 |     2 ||     3
 Fire: Shortbow          |    11 |    22 |   248 |   521 |       |       ||   802
       Longbow           |       |       |       |   249 |  1028 |  1444 ||  2721
Invok: Heroism           |       |       |       |    10 |    11 |    13 ||    34
       Finesse           |       |       |       |     1 |     3 |     8 ||    12
Evoke: Wand              |       |       |       |       |       |     5 ||     5
       Phantom mirror    |       |       |       |       |       |     1 ||     1
  Use: Scroll            |       |     3 |    13 |    14 |    18 |    12 ||    60
       Potion            |       |       |     2 |     2 |     4 |    14 ||    22
  Eat: Chunk             |     2 |     6 |    12 |    18 |    21 |    18 ||    77
       Ration            |       |       |     1 |     2 |       |     3 ||     6
Armor: Leather armour    |    54 |     8 |       |       |       |       ||    62
       Ring mail         |       |    28 |    67 |       |       |       ||    95
       Scale mail        |       |       |    46 |   170 |   381 |   736 ||  1333
Dodge: Dodged            |    92 |    68 |   171 |   258 |   528 |   562 ||  1679
       Rpst.: Long sword |       |       |     7 |       |       |       ||     7
       Great sword       |       |       |       |       |    31 |    16 ||    47

Table legend:
 A = Non-vault XP
 B = Vault XP
 C = Vault XP percentage of total XP
 D = Non-vault monster count
 E = Vault monster count
 F = Vault count percentage of total count
                 A         B        C        D         E       F
            +---------+---------+-------+---------+---------+-------
      Total |  170888 |   91013 |  34.8 |     848 |     258 |  23.3
            +---------+---------+-------+---------+---------+-------
        D:1 |      52 |       0 |   0.0 |      24 |       0 |   0.0
        D:2 |      70 |       0 |   0.0 |      25 |       0 |   0.0
        D:3 |     117 |       0 |   0.0 |      24 |       0 |   0.0
        D:4 |     449 |     257 |  36.4 |      26 |      12 |  31.6
        D:5 |     637 |       0 |   0.0 |      18 |       0 |   0.0
        D:6 |     963 |       0 |   0.0 |      21 |       0 |   0.0
        D:7 |     841 |       0 |   0.0 |      32 |       0 |   0.0
        D:8 |    1074 |     220 |  17.0 |      18 |       1 |   5.3
        D:9 |    2316 |    1060 |  31.4 |      26 |       6 |  18.8
       D:10 |    2800 |    3229 |  53.6 |      33 |      13 |  28.3
       D:11 |    3738 |    1526 |  29.0 |      17 |       4 |  19.0
       D:12 |    3242 |    4399 |  57.6 |      29 |      31 |  51.7
       D:13 |    6949 |    4967 |  41.7 |      41 |      19 |  31.7
       D:14 |    7811 |     900 |  10.3 |      41 |       1 |   2.4
       D:15 |   11849 |    2619 |  18.1 |      50 |       4 |   7.4
     Lair:1 |    2760 |       0 |   0.0 |      14 |       0 |   0.0
     Lair:2 |    4286 |     797 |  15.7 |      22 |       4 |  15.4
     Lair:3 |    5476 |       0 |   0.0 |      19 |       0 |   0.0
     Lair:4 |    5971 |       0 |   0.0 |      26 |       0 |   0.0
     Lair:5 |    1787 |       0 |   0.0 |       8 |       0 |   0.0
     Lair:6 |   16947 |    5381 |  24.1 |      51 |      30 |  37.0
    Swamp:1 |   11198 |    1752 |  13.5 |      34 |       1 |   2.9
    Swamp:2 |    5091 |     486 |   8.7 |      15 |       4 |  21.1
    Swamp:3 |    6725 |       0 |   0.0 |      19 |       0 |   0.0
    Swamp:4 |   14042 |   18227 |  56.5 |      32 |      14 |  30.4
   Spider:1 |   14831 |       0 |   0.0 |      32 |       0 |   0.0
   Spider:2 |   10989 |    1860 |  14.5 |      38 |       1 |   2.6
   Spider:3 |   12779 |       0 |   0.0 |      39 |       0 |   0.0
   Spider:4 |   12123 |   29984 |  71.2 |      30 |      46 |  60.5
      Orc:1 |    1293 |    1089 |  45.7 |       7 |       3 |  30.0
      Orc:2 |    1682 |    9158 |  84.5 |      37 |      24 |  39.3
     Bailey |       0 |    3102 | 100.0 |       0 |      40 | 100.0
            +---------+---------+-------+---------+---------+-------
